 Dungeon Crawl Stone Soup version 0.24-a0-230-g536ed4e33c (webtiles) character file.

Game seed: 17266908955217140444

154 Redear the Sneak (level 5, -12/42 HPs)
             Began as a Naga Fire Elementalist on Apr 3, 2019.
             Mangled by an ogre
             ... wielding a cursed +0 giant club
              (13 damage)
             ... on level 4 of the Dungeon.
             The game lasted 00:10:28 (862 turns).

Redear the Sneak (Naga Fire Elementalist)            Turns: 862, Time: 00:10:28

Health: -12/42     AC:  3    Str: 11    XL:     5   Next: 36%
Magic:  4/9        EV: 10    Int: 16    God:
Gold:   151        SH:  0    Dex: 11    Spells: 2/9 levels left

rFire    . . .     SeeInvis +   h - +0 club
rCold    . . .     Gourm    .   (no shield)
rNeg     . . .     Faith    .   a - +0 robe
rPois    +         Spirit   .   (no helmet)
rElec    .         Reflect  .   (no cloak)
rCorr    .         Harm     .   g - +0 pair of gloves
MR       .....                  (no barding)
Stlth    +++.......             r - amulet of magic regeneration
HPRegen  0.14/turn              (no ring)
MPRegen  0.36/turn              (no ring)

@: very slightly contaminated, very slow
A: large, see invisible, deformed body, poison resistance, slowness 2, slow
metabolism 1, spit poison 1, AC +1
a: Spit Poison


You were on level 4 of the Dungeon.
You were hungry.

You visited 1 branch of the dungeon, and saw 4 of its levels.

You collected 151 gold pieces.

Inventory:

Hand Weapons
 h - a +0 club (weapon)
Missiles
 l - a throwing net {=f}
 Q - 9 stones (quivered)
Armour
 a - a +0 robe (worn)
 g - a +0 pair of gloves (worn)
 p - a +0 leather armour
Jewellery
 i - an uncursed amulet of rage
 r - an amulet of magic regeneration (around neck)
Scrolls
 e - a scroll of fog {unknown}
 f - a scroll of teleportation {unknown}
 j - a scroll of identify {unknown}
 k - a scroll of amnesia {unknown}
 m - a scroll of blinking {unknown}
 n - a scroll of remove curse {unknown}
 o - a scroll of magic mapping {unknown}
Potions
 b - 2 potions of berserk rage {!q}
 d - a potion of magic {unknown}
Comestibles
 c - 9 rations


   Skills:
 - Level 1.5 Dodging
 + Level 4.9 Stealth
 + Level 2.9 Spellcasting
 + Level 2.6 Conjurations
 + Level 3.9 Fire Magic


You had 2 spell levels left.
You knew the following spells:

 Your Spells              Type           Power        Failure   Level  Hunger
a - Flame Tongue          Conj/Fire      ##...        4%          1    #......
s - Sticky Flame          Conj/Fire      ##......     43%         4    #####..
x - Throw Flame           Conj/Fire      ##....       8%          2    ##.....

Your spell library contained the following spells:

 Spells                   Type           Power        Failure   Level  Hunger
 Conjure Flame            Conj/Fire      ##......     14%         3    ###....
 Inner Flame              Hex/Fire       #.......     26%         3    ###....
 Fireball                 Conj/Fire      ##........   80%         5    ######.


Dungeon Overview and Level Annotations

Branches:
Dungeon (4/15)
 Temple: D:4-7

Altars:
Kikubaaqudgha

Shops:
D:4 =


Innate Abilities, Weirdness & Mutations

You cannot wear boots.
Your serpentine skin is tough. (AC +1)
You have supernaturally acute eyesight. (SInv)
Armour fits poorly on your strangely shaped body.
Your system is resistant to poisons. (rPois)
You cover ground very slowly.
You have a slow metabolism.
You can spit poison.


Message History

Aim: an ogre, wielding a +0 giant club The flame tongue hits the ogre but does no damage.
You now have 8/9 mp.
Aim: an ogre, wielding a +0 giant club The flame tongue hits the ogre.
You feel a little less clever now.
You now have 7/9 mp.
Okay, then.
Unknown command.
Okay, then.
Aim: an ogre, wielding a +0 giant club (lightly wounded)
You miscast Sticky Flame.
You are very lightly contaminated with residual magic.
You are caught in a violent explosion!
The explosion engulfs you!
* * * LOW HITPOINT WARNING * * *
The explosion engulfs the ogre!!
You are feeling hungry.
You hear a bark!
The ogre hits you with a cursed +0 giant club!
You die...

.. #.# .. #.# ..
#.# ..## #.#
....## #.#
.#...#### #.#
...#....# #O#
#...##.# #@#
###.###.# #.#
..#.###.########.#
#................#
###.###.##########
#.# #.# ###.# #.#
....# #.# #####
#.#


You could see an ogre.

Levels and vault maps discovered:
D:1:      matt_arrival_spirals, layout_loops_ring, kennysheep_another_room
D:2:      cheibrodos_helix_gallery, layout_basic,
          chequers_ecumenical_altar_simple_redux, uniq_natasha
D:3:      layout_rooms, overflow_temple_1_default, first_ration,
          serial_co_window_serial, co_window_paths_a, co_window_paths_b,
          co_window_corner_a, co_window_paths_b, co_window_paths_b,
          co_window_of_opportunity_b, co_window_broadway_c, co_window_corner_b,
          co_window_unsneaky_path_b, co_window_broadway_a, glass_columns_b,
          glass_columns_b
D:4:      layout_loops_ring, serial_shops, shop, nicolae_shop_stone, shop_coins,
          corner_web_ring

Notes
Turn   | Place    | Note
-------+----------+-------------------------------------------
     0 | D:1      | Redear the Naga Fire Elementalist began the quest for the
                  | Orb.
     0 | D:1      | Reached XP level 1. HP: 15/15 MP: 3/3
    45 | D:1      | Identified a +0 club
    96 | D:1      | Identified an amulet of rage (You found it on level 1 of
                  | the Dungeon)
   158 | D:1      | Identified a +0 short sword
   171 | D:1      | HP: 1/15 [kobold/+0 short sword (5)]
   172 | D:1      | Identified 2 potions of berserk rage
   173 | D:1      | Reached XP level 2. HP: 3/22 MP: 0/5
   188 | D:1      | Learned a level 2 spell: Throw Flame
   217 | D:1      | Identified a +0 dagger
   273 | D:2      | Found a faded altar of an unknown god.
   273 | D:2      | Identified a +0 club
   382 | D:3      | Identified a +0 dagger
   430 | D:3      | Identified a +0 pair of gloves (You found it on level 3 of
                  | the Dungeon)
   446 | D:3      | Identified a cursed -3 club
   490 | D:3      | Identified an uncursed amulet of magic regeneration
   533 | D:2      | Identified a +0 club
   540 | D:2      | Reached XP level 3. HP: 22/28 MP: 1/6
   590 | D:3      | Found an ancient bone altar of Kikubaaqudgha.
   613 | D:3      | Identified a +0 club
   718 | D:4      | Found Wonelaji's Jewellery Emporium.
   748 | D:4      | Reached skill level 4 in Stealth
   748 | D:4      | Reached skill level 2 in Conjurations
   748 | D:4      | Reached XP level 4. HP: 35/36 MP: 3/7
   757 | D:4      | Learned a level 4 spell: Sticky Flame
   797 | D:4      | Noticed a phantom
   825 | D:4      | HP: 9/36 [phantom (6)]
   826 | D:4      | HP: 1/36 [phantom (8)]
   827 | D:4      | Identified a potion of curing
   828 | D:4      | Identified a potion of brilliance
   832 | D:4      | Killed a phantom
   832 | D:4      | Reached XP level 5. HP: 12/42 MP: 0/9
   857 | D:4      | Identified a cursed +0 giant club
   857 | D:4      | Noticed an ogre
   862 | D:4      | HP: 1/42 [miscasting Sticky Flame (17)]
   862 | D:4      | Mangled by an ogre

Table legend:
 A = Turns spent in this place as a percentage of turns spent in the entire game.
 B = Non-inter-level travel turns spent in this place as a percentage of non-inter-level travel turns spent in the entire game.
 C = Inter-level travel turns spent in this place as a percentage of turns spent in this place.
 D = Turns resting spent in this place as a percentage of non-inter-level travel turns spent in this place.
 E = Turns spent auto-exploring this place as a percentage of non-inter-level travel turns spent in this place.
 F = Non-inter-level travel turns spent in this place divided by the number of levels of this place that you've seen.
                   A       B       C       D       E      F
               +-------+-------+-------+-------+-------+----------------------
         Total | 100.0 | 100.0 |   0.0 |   0.0 |   0.0 | 215.5
       Dungeon | 100.0 | 100.0 |   0.0 |   0.0 |   0.0 | 215.5
               +-------+-------+-------+-------+-------+----------------------

Table legend:
 A = Kills in this place as a percentage of kills in entire the game.
 B = Kills by you in this place as a percentage of kills by you in the entire game.
 C = Kills by friends in this place as a percentage of kills by friends in the entire game.
 D = Other kills in this place as a percentage of other kills in the entire game.
 E = Experience gained in this place as a percentage of experience gained in the entire game.
 F = Experience gained in this place divided by the number of levels of this place that you have seen.
                   A       B       C       D       E      F
               +-------+-------+-------+-------+-------+----------------------
         Total | 100.0 | 100.0 |   N/A |   N/A | 100.0 |  55.2
       Dungeon | 100.0 | 100.0 |   N/A |   N/A | 100.0 |  55.2
               +-------+-------+-------+-------+-------+----------------------

Skill      XL: |  1  2  3 |
---------------+----------+-----
Stealth        | 4 |  4.9
Conjurations   | 2 |  2.6
Dodging        | |  1.5
Spellcasting   | |  2.9
Fire Magic     | |  3.9

Action                   |  1- 3 |  4- 6 || total
-------------------------+-------+-------++-------
Melee: Club              |     6 |     4 ||    10
Throw: Stone             |     1 |       ||     1
 Cast: Flame Tongue      |    44 |    20 ||    64
  Use: Potion            |     1 |     2 ||     3
Armor: Robe              |     3 |       ||     3
Dodge: Dodged            |    11 |    11 ||    22

Vanquished Creatures
  A phantom (D:4)
  A hound (D:4)
  A dart slug (D:3)
  A ball python (D:2)
  A bat (D:1)
  4 giant cockroaches
  3 hobgoblins
  4 jackals (D:3)
  3 kobolds
  2 frilled lizards (D:1)
  4 goblins
  4 rats
29 creatures vanquished.
